 Dungeon Crawl Stone Soup version 0.25-a0-516-g7d600cd9ad (webtiles) character file.

Game seed: 6711802566082789543, levelgen mode: deterministic

27547 Trollboi the Grappler (level 13, 0/127 HPs)
             Began as a Troll Abyssal Knight on Feb 17, 2020.
             Was the Champion of Lugonu.
             Slain by a red devil
             ... wielding a +0 trident of flaming
              (13 damage)
             ... in a volcano.
             The game lasted 00:58:17 (14489 turns).

Trollboi the Grappler (Troll Abyssal Knight)       Turns: 14489, Time: 00:58:17

Health: 0/127      AC: 10    Str: 25    XL:     13   Next: 4%
Magic:  19/19      EV:  8    Int:  8    God:    Lugonu [******]
Gold:   614        SH: 18    Dex: 15    Spells: 12/12 levels left

rFire    + . .     SeeInvis .     - Unarmed
rCold    x . .     Gourm    +   P - +3 tower shield {AC+3}
rNeg     . . .     Faith    .   z - +1 robe {MR+}
rPois    .         Spirit   .   (helmet restricted)
rElec    .         Reflect  .   M - scarf {repulsion}
rCorr    .         Harm     .   (gloves unavailable)
MR       +....                  (boots unavailable)
Stlth    +.........             (no amulet)
HPRegen  0.71/turn              J - ring of fire
MPRegen  0.16/turn              c - +4 ring of dexterity

@: flying, repel missiles
A: large, unfitting armour, claws 3, fast metabolism 3, gourmand, regeneration
1, shaggy fur 1, tough skin 3
a: Depart the Abyss, Bend Space, Banish, Corrupt, Enter the Abyss, Renounce
Religion


You were in a volcano.
You worshipped Lugonu.
Lugonu was exalted by your worship.
You were full.

You visited 2 branches of the dungeon, and saw 17 of its levels.
You visited the Abyss 1 time.
You also visited: Ossuary and Volcano.

You collected 764 gold pieces.
You spent 150 gold pieces at shops.

Inventory:

Hand Weapons
 x - the +7 mace "Kenk" {elec, rC+}
   (You found it on level 3 of the Dungeon)

   Occasionally, upon striking a foe, it will discharge some electrical energy
   and cause terrible harm.
   It protects you from cold.
 V - a +2 battleaxe of distortion
Missiles
 f - 363 stones
 h - 16 large rocks
 o - 10 boomerangs (quivered)
 I - 48 poisoned darts
Armour
 z - a +1 robe of magic resistance (worn)
 M - a scarf of repulsion (worn)
 P - a +3 tower shield of protection (worn)
Jewellery
 c - a +4 ring of dexterity (right claw)
 e - an uncursed ring of see invisible
 J - a ring of fire (left claw)
 Q - an uncursed ring of flight
 U - an uncursed ring of ice
Wands
 q - a wand of polymorph (21)
 E - a wand of acid (8)
 L - a wand of random effects (59)
 O - a wand of paralysis (8)
 S - a wand of iceblast (8)
Scrolls
 a - a scroll of fear {unknown}
 d - a scroll of magic mapping
 i - 7 scrolls of remove curse
 n - 7 scrolls of teleportation
 r - a scroll of blinking
 u - 2 scrolls of amnesia
 v - a scroll of enchant armour
 y - 3 scrolls of immolation
 B - 2 scrolls of noise {unknown}
 D - 3 scrolls of random uselessness {unknown}
 F - a scroll of silence
 G - a scroll of fog
 H - a scroll of summoning
 N - a scroll of holy word {unknown}
Potions
 g - 6 potions of lignification
 j - 5 potions of curing
 k - a potion of haste
 l - 7 potions of flight
 m - 4 potions of cancellation
 p - a potion of resistance
 s - 3 potions of brilliance
 t - a potion of heal wounds
 w - a potion of invisibility
 A - a potion of agility
 C - a potion of might
 K - a potion of magic
Miscellaneous
 R - a lightning rod (4/4)
 T - a phial of floods
Comestibles
 b - 26 rations


   Skills:
 * Level 8.1 Fighting
 + Level 10.0 Throwing
 - Level 3.4 Dodging
 + Level 4.4 Shields
 * Level 11.9 Unarmed Combat
 + Level 10.1 Invocations


You had 12 spell levels left.
You didn't know any spells.
Your spell library contained the following spells:

 Spells                   Type           Power        Failure   Level  Hunger
 Foxfire                  Conj/Fire      #...         99%         1    ##.....
 Magic Dart               Conj           #...         99%         1    ##.....
 Blink                    Tloc           N/A          99%         2    ###....
 Call Imp                 Summ           #.......     99%         2    ###....
 Slow                     Hex            #.......     99%         2    ###....
 Confusing Touch          Hex            #.......     100%        3    ####...
 Conjure Flame            Conj/Fire      #.......     100%        3    ####...
 Gell's Gravitas          Tloc           #.........   100%        3    ####...
 Inner Flame              Hex/Fire       #.......     100%        3    ####...
 Mephitic Cloud           Conj/Pois/Air  #.......     100%        3    ####...
 Petrify                  Tmut/Erth      #.......     100%        4    #####..
 Sticky Flame             Conj/Fire      #.......     100%        4    #####..
 Fireball                 Conj/Fire      #.........   100%        5    ######.
 Metabolic Englaciation   Hex/Ice        #.........   100%        5    ######.
 Yara's Violent Unravell  Hex/Tmut       #.........   100%        5    ######.


Dungeon Overview and Level Annotations

Branches:
Dungeon (15/15)            Temple (0/1) D:7            Lair (2/6) D:9
    Orc (0/2) D:12        Ossuary (visited)         Volcano (1/1)
  Swamp: Lair:2-4    Shoals: Lair:2-4     Snake: Lair:2-4    Spider: Lair:2-4
 Vaults: D:13-14     Depths: D:15

Altars:
Elyvilon
Hepliaklqana
Okawaru
Qazlal
Ru
Sif Muna
Xom
Zin
The Shining One

Shops:
D:6 %:   D:7 }   D:9 (

Annotations:
D:13 2 runed translucent doors, Necheigh's ghost, journeyman MiBe
D:15 Kirke


Innate Abilities, Weirdness & Mutations

You are too large for most types of armour.
You have claws for hands.
Your metabolism is lightning-fast.
You like to eat raw meat.
Your natural rate of healing is unusually fast.
You are covered in fur. (AC +1)
You have extremely tough skin. (AC +3)


Message History

The hell hound pauses to sniff the ground.
The sun demon barely misses you.
You scratch the sun demon but do no damage.
The sun demon is heavily wounded.
The sun demon hits you!!
You are engulfed in flames!
You resist.
* * * LOW HITPOINT WARNING * * *
You block the sun demon's attack.
You feel very buoyant.
You fly up into the air.
The red devil hits you from afar with a +0 trident of flaming!
* * * LOW HITPOINT WARNING * * *
The red devil burns you.
* * * LOW HITPOINT WARNING * * *
You block the sun demon's attack. The hell hound breathes flames at you.
The blast of flame hits you! You resist.
* * * LOW HITPOINT WARNING * * *
You block the sun demon's attack.
The red devil hits you from afar with a +0 trident of flaming!
You die...

.≈≈§ ≈≈≈≈§§§.# #.# # ≈≈§≈≈
§≈≈≈§§§.########'######## .§≈≈≈§
§≈§§§§§..h§..............
.§§§§§§≈§≈§§≈§§§§≈≈≈≈≈.≈≈≈≈≈≈≈≈§§
§≈§≈§≈≈≈≈≈§≈§§§§≈§§≈≈§≈≈§§≈§≈§≈≈§
≈§§§≈§≈≈≈§≈≈≈≈≈≈≈≈§≈≈≈≈§§≈§§§§§≈§
.§≈§≈≈§≈≈§§§§≈§§§≈≈≈≈≈≈§§≈≈§§§≈≈§
.≈≈≈§≈≈≈§≈§§§≈§§≈34≈≈≈≈§≈§≈§§§≈§≈
....§≈≈≈≈§§§≈§§§@....≈.≈≈≈§§§≈≈≈≈
....§..≈§≈§≈≈≈.≈.......≈≈≈≈≈§≈≈≈≈
...............................§.
#...............#####............
###............## ##...........
##..........## ############
############


You could see a sun demon, a red devil and a hell hound.

Vanquished Creatures
  2 centaur warriors (D:13)
  2 tengu warriors (D:15)
  A two-headed ogre (D:10)
  Nergalle (D:11)
  A skeletal warrior (D:14)
  3 unseen horrors
  A lindwurm (Lair:2)
  An ugly thing (Volcano)
  A cyclops (D:11)
  A manticore (D:12)
  A black mamba (Lair:1)
  A gargoyle (D:10)
  Maggie (D:10)
  A spiny frog (Lair:1)
  A kobold demonologist (D:13)
  A tengu conjurer (D:14)
  2 komodo dragons
  4 trolls
  The ghost of spook2990 the Chopper, an amateur HOFi (D:4)
  5 blink frogs (Lair:1)
  Grinder (D:5)
  2 slime creatures (D:12)
  4 hippogriffs
  Sigmund (D:4)
  22 yaks
  3 wyverns
  2 fire elementals (D:13)
  2 fire bats (Volcano)
  2 hungry ghosts (D:9)
  10 vampire mosquitoes
  Edmund (D:5)
  A warg (D:12)
  A soldier ant (D:12)
  2 acid dragons (D:12)
  3 water moccasins
  Duvessa (D:7)
  5 porcupines
  A sky beast (D:6)
  An eye of draining (D:13)
  An ice beast (D:7)
  2 black bears
  An orc warrior (D:7)
  A phantom (D:4)
  3 wolves (Lair:1)
  10 ogres
  5 centaurs
  4 crocodiles
  7 bullfrogs
  2 big kobolds
  A wyvern zombie (D:12)
  Dowan (D:7)
  7 scorpions
  5 killer bees (D:8)
  A water moccasin skeleton (D:11)
  9 wights
  3 howler monkeys (D:8)
  3 crimson imps
  3 centaur zombies
  7 lava snakes
  5 jellies
  9 hounds
  A quasit (D:11)
  Crazy Yiuf (D:2)
  6 orc priests
  2 centaur skeletons
  10 orc wizards
  2 bullfrog skeletons
  3 iguanas
  9 worker ants
  Natasha (twice) (D:2)
  A killer bee zombie (D:9)
  A hound zombie (D:8)
  12 mummies (Ossuary)
  A hound skeleton (D:9)
  A howler monkey skeleton (D:7)
  21 adders
  3 shadow imps
  6 white imps (D:14)
  An adder zombie (D:5)
  An adder skeleton (D:8)
  3 worms
  A dart slug (D:4)
  5 leopard geckos
  49 orcs
  A ball python (D:6)
  13 bats
  7 giant cockroaches
  10 goblins
  4 hobgoblins
  15 jackals
  2 quokkas
  3 frilled lizards
  A gnoll skeleton (Ossuary)
  21 kobolds
  2 kobold skeletons (Ossuary)
  4 orc skeletons (Ossuary)
  A quokka skeleton (D:3)
  2 rats
  11 rat skeletons (Ossuary)
426 creatures vanquished.

Vanquished Creatures (others)
  An orc skeleton (Ossuary)
1 creature vanquished.

Grand Total: 427 creatures vanquished

Notes
Turn   | Place    | Note
-------+----------+-------------------------------------------
     0 | Abyss:1  | Trollboi the Troll Abyssal Knight began the quest for the
                  | Orb.
     0 | Abyss:1  | Reached XP level 1. HP: 22/22 MP: 1/1
    45 | Abyss:1  | Found a corrupted altar of Lugonu.
    84 | Abyss:1  | Noticed a neqoxec
    85 | D:1      | Escaped the Abyss
   661 | D:1      | Reached XP level 2. HP: 29/29 MP: 2/2
   823 | D:2      | Reached * piety under Lugonu
   918 | D:2      | Found a runed translucent door.
   919 | D:2      | Noticed Crazy Yiuf
   959 | D:2      | Reached XP level 3. HP: 36/36 MP: 4/4
   985 | D:2      | Noticed Natasha
   989 | D:2      | Killed Natasha
  1065 | D:2      | Found a glowing silver altar of Zin.
  1115 | D:2      | Reached XP level 4. HP: 42/44 MP: 5/5
  1165 | D:2      | Found a hazy altar of Hepliaklqana.
  1345 | D:2      | Found an iron altar of Okawaru.
  1407 | D:2      | Noticed Natasha
  1416 | D:2      | Killed Natasha
  1463 | D:2      | Found a shimmering blue altar of Sif Muna.
  1830 | D:2      | Killed Crazy Yiuf
  1830 | D:2      | Reached XP level 5. HP: 43/50 MP: 7/7
  1985 | D:3      | Reached skill level 5 in Invocations
  2003 | D:3      | Reached ** piety under Lugonu
  2126 | D:3      | Got a jewelled mace
  2131 | D:3      | Identified the +7 mace "Kenk" {elec, rC+} (You found it on
                  | level 3 of the Dungeon)
  2432 | D:3      | Found a faded altar of an unknown god.
  2435 | D:3      | Reached XP level 6. HP: 44/59 MP: 7/9
  2714 | D:4      | Noticed Sigmund
  2723 | D:4      | Killed Sigmund
  2723 | D:4      | Reached skill level 1 in Throwing
  2723 | D:4      | Reached skill level 3 in Unarmed Combat
  2795 | D:4      | Found a sacrificial altar of Ru.
  2892 | D:4      | Found a runed translucent gate.
  2892 | D:4      | Found a runed translucent gate.
  2892 | D:4      | Found a runed translucent gate.
  2895 | D:4      | Noticed spook2990's ghost (amateur HOFi)
  2918 | D:4      | Killed spook2990's ghost
  2918 | D:4      | Reached XP level 7. HP: 67/67 MP: 10/10
  3032 | D:4      | Reached *** piety under Lugonu
  3560 | D:5      | Entered Level 5 of the Dungeon
  3619 | D:5      | Found a sand-covered staircase.
  3620 | D:5      | Noticed Edmund
  3636 | Ossuary  | Entered an ossuary
  3703 | Ossuary  | Reached **** piety under Lugonu
  3752 | Ossuary  | Reached XP level 8. HP: 44/75 MP: 11/11
  4132 | D:5      | Reached skill level 5 in Throwing
  4389 | D:5      | Reached skill level 4 in Unarmed Combat
  4446 | D:5      | Killed Edmund
  4530 | D:5      | Noticed Grinder
  4536 | D:5      | Killed Grinder
  4817 | D:6      | Reached XP level 9. HP: 73/84 MP: 12/12
  4844 | D:6      | Found Wuij's Book Boutique.
  4874 | D:6      | Found a white marble altar of Elyvilon.
  5067 | D:6      | Reached skill level 5 in Unarmed Combat
  5323 | D:6      | Found Emexaufa's Food Boutique.
  5463 | D:6      | Found a stormy altar of Qazlal.
  5844 | D:7      | Reached ***** piety under Lugonu
  5936 | D:7      | Noticed Duvessa
  5936 | D:7      | Noticed Dowan
  5944 | D:7      | Killed Duvessa
  5961 | D:7      | Killed Dowan
  6055 | D:7      | Found a staircase to the Ecumenical Temple.
  6164 | D:7      | Reached skill level 5 in Fighting
  6200 | D:7      | Found Umyf's Gadget Emporium.
  6208 | D:7      | Bought a tremorstone for 150 gold pieces
  6617 | D:8      | Reached skill level 6 in Unarmed Combat
  7161 | D:8      | Reached XP level 10. HP: 83/96 MP: 14/14
  7479 | D:9      | Found a shimmering altar of Xom.
  7485 | D:9      | Found a shimmering altar of Xom.
  7485 | D:9      | Found a shimmering altar of Xom.
  7485 | D:9      | Found a shimmering altar of Xom.
  7493 | D:9      | Found a staircase to the Lair.
  7504 | D:9      | Found Leliovad's Antique Weapon Shop.
  7556 | D:9      | Found a glowing golden altar of the Shining One.
  7672 | D:9      | Reached skill level 7 in Unarmed Combat
  7686 | D:9      | Found a shimmering altar of Xom.
  7690 | D:9      | Found a shimmering altar of Xom.
  7690 | D:9      | Found a shimmering altar of Xom.
  8050 | D:9      | Found a shimmering altar of Xom.
  8050 | D:9      | Noticed a deep troll
  8086 | D:10     | Entered Level 10 of the Dungeon
  8093 | D:10     | Killed an unseen horror
  8232 | D:10     | Noticed Maggie
  8239 | D:10     | Killed Maggie
  8302 | D:10     | Reached skill level 8 in Unarmed Combat
  8379 | D:10     | Noticed a two-headed ogre
  8381 | D:10     | Killed a two-headed ogre
  8458 | D:10     | Noticed a gargoyle
  8466 | D:10     | Killed a gargoyle
  8618 | D:10     | Reached XP level 11. HP: 53/105 MP: 16/16
  8792 | D:10     | Reached skill level 9 in Unarmed Combat
  8982 | D:11     | Noticed Nergalle
  9141 | D:11     | Killed Nergalle
  9433 | D:11     | Noticed an unseen horror
  9437 | D:11     | Killed an unseen horror
  9751 | D:11     | Identified a scroll of acquirement
  9754 | D:11     | Identified the ring "Ekibor" {*Slow rF++ rC+ rCorr} (You
                  | acquired it on level 11 of the Dungeon)
  9941 | D:12     | You fall into a shaft and drop 3 floors!
  9941 | D:15     | Entered Level 15 of the Dungeon
  9941 | D:15     | Noticed Kirke
  9943 | D:15     | Noticed an orc sorcerer
  9988 | D:15     | Noticed a tengu warrior
  9989 | D:15     | Noticed a tengu warrior
 10022 | D:15     | Killed a tengu warrior
 10022 | D:15     | Reached skill level 1 in Shields
 10042 | D:15     | Killed a tengu warrior
 10165 | D:14     | Noticed a death knight
 10167 | D:14     | Noticed a skeletal warrior
 10190 | D:13     | Noticed a sun demon
 10190 | D:13     | Reached skill level 10 in Unarmed Combat
 10199 | D:13     | Noticed a centaur warrior
 10924 | D:12     | Reached ****** piety under Lugonu
 11000 | D:12     | Found a staircase to the Orcish Mines.
 11261 | D:12     | Reached XP level 12. HP: 118/118 MP: 17/17
 11553 | D:13     | Noticed a centaur warrior
 11561 | D:13     | Killed a centaur warrior
 12193 | D:13     | Found a large runed translucent door.
 12194 | D:13     | Found a large runed translucent door.
 12197 | D:13     | Noticed Necheigh's ghost (journeyman MiBe)
 12302 | D:13     | Killed a centaur warrior
 12464 | D:13     | Identified an uncursed glowing battleaxe (a battleaxe
                  | corrupted by Lugonu)
 12464 | D:13     | Received a gift from Lugonu
 12726 | D:13     | Reached skill level 11 in Unarmed Combat
 13077 | Lair:1   | Entered Level 1 of the Lair of Beasts
 13689 | Lair:1   | Reached skill level 10 in Invocations
 13790 | Lair:1   | Reached skill level 10 in Throwing
 14176 | Lair:2   | Found a dark tunnel.
 14178 | Lair:2   | Reached XP level 13. HP: 118/127 MP: 19/19
 14195 | Volcano  | Entered a volcano
 14461 | Volcano  | Found a burning altar of Makhleb.
 14489 | Volcano  | Slain by a red devil

Levels and vault maps discovered:
D:1:      psy_arrival_dodecagon, layout_basic
D:2:      layout_loops_corners, led_sif_pool, lemuel_round_altar,
          lemuel_round_altar, lemuel_doored_altar, first_ration,
          kennysheep_generic_room_9, uniq_crazy_yiuf_cottage, uniq_natasha
D:3:      kb_forest_paths, layout_basic, chequers_ecumenical_altar_simple_redux
D:4:      layout_basic, nicolae_ru_path_of_blood, ebering_ghost_rock_garden,
          wad_orctagon, uniq_sigmund
D:5:      layout_loops_ring, nicolae_ossuary_entry_false_entrances, uniq_edmund,
          uniq_grinder
D:6:      layout_basic, kennysheep_mini_moat, lemuel_round_altar, serial_shops,
          shop, shop
D:7:      layout_basic, minmay_temple_entry_butterflies, serial_shops, shop,
          uniq_duvessa
D:8:      layout_loops_cross
D:9:      layout_roguey, xom_shifter_show, old_standard_altar, lair_entry_dummy,
          serial_shops, nicolae_shop_stone
D:10:     layout_roguey, grunt_ogre_cave, uniq_maggie
D:11:     layout_cross, minmay_misc_feat_chi, uniq_nergalle
D:12:     layout_loops_ring, erik_orc_3, hangedman_corner_corridor
D:13:     erik_rubicon_a, layout_rooms, ebering_ghost_disaster_area
D:14:     layout_cave_pools, erik_vaults_1, nicolae_lava_and_water,
          portal_ice_cave_entry_imps, unseen_surprise_small
D:15:     grunt_enter_depths_magical_seal, layout_basic, minmay_misc_feat_alley,
          uniq_nessos, uniq_kirke
Lair:1:   layout_hall_layers, beast_lair_carwin_6, grunt_megastairs_4
Lair:2:   layout_regular_city, nicolae_volcano_entry_vermiform, tgw_fedhas
Volcano:  volcano_lake [vl_original]

Skill      XL: |  1  2  3  4  5  6  7  8  9 10 11 12 |
---------------+-------------------------------------+-----
Invocations    | 2 3 4 5 6 7 8 9 10 | 10.1
Throwing       | 2 4 6 7 8 9 10 | 10.0
Unarmed Combat | 3 4 6 8 10 11 | 11.9
Fighting       | 3 4 5 6 7 8 |  8.1
Dodging        | 2 3 |  3.4
Shields        | 2 4 |  4.4

Action                   |  1- 3 |  4- 6 |  7- 9 | 10-12 | 13-15 || total
-------------------------+-------+-------+-------+-------+-------++-------
Melee: Unarmed           |    58 |   131 |   415 |   695 |    13 ||  1312
       Punch             |     1 |     2 |     7 |     8 |       ||    18
       Mace              |       |    27 |       |       |       ||    27
Throw: Stone             |       |    12 |       |    38 |       ||    50
       Large rock        |       |       |    42 |    77 |       ||   119
       Boomerang         |       |       |    29 |    88 |    19 ||   136
Invok: Depart the Abyss  |     1 |       |       |       |       ||     1
       Bend Space        |       |       |     3 |     4 |       ||     7
       Brand Weapon With |       |       |       |     1 |       ||     1
 Abil: Evoke Flight      |       |       |       |     1 |     1 ||     2
Evoke: Tremorstone       |       |       |       |     1 |       ||     1
  Use: Scroll            |       |     5 |     5 |    20 |       ||    30
       Potion            |       |     1 |     5 |    10 |     1 ||    17
 Stab: Sleeping          |       |     2 |     2 |     1 |       ||     5
       Invisible         |       |       |       |     6 |       ||     6
       Distracted        |       |       |       |     1 |       ||     1
  Eat: Chunk             |     7 |    22 |    36 |    72 |       ||   137
       Ration            |       |     1 |       |     3 |       ||     4
Armor: Robe              |    20 |    52 |    99 |   196 |     1 ||   368
Dodge: Dodged            |    30 |    91 |   158 |   196 |     4 ||   479
       Deflected         |       |       |       |    21 |     2 ||    23
Block: Tower shield      |       |       |       |   414 |     7 ||   421

Table legend:
 A = Non-vault XP
 B = Vault XP
 C = Vault XP percentage of total XP
 D = Non-vault monster count
 E = Vault monster count
 F = Vault count percentage of total count
                 A         B        C        D         E       F
            +---------+---------+-------+---------+---------+-------
      Total |   33293 |    6060 |  15.4 |     338 |      88 |  20.7
            +---------+---------+-------+---------+---------+-------
        D:1 |      15 |       0 |   0.0 |       9 |       0 |   0.0
        D:2 |     114 |      76 |  40.0 |      23 |       2 |   8.0
        D:3 |     160 |      21 |  11.6 |      27 |       6 |  18.2
        D:4 |     317 |     543 |  63.1 |      24 |       6 |  20.0
        D:5 |     699 |     439 |  38.6 |      20 |       2 |   9.1
        D:6 |    1366 |       0 |   0.0 |      25 |       0 |   0.0
        D:7 |     537 |     228 |  29.8 |      10 |       2 |  16.7
        D:8 |    1285 |       0 |   0.0 |      21 |       0 |   0.0
        D:9 |    2228 |       0 |   0.0 |      17 |       0 |   0.0
       D:10 |    4925 |     502 |   9.3 |      32 |       2 |   5.9
       D:11 |    1806 |     800 |  30.7 |      22 |       1 |   4.3
       D:12 |    3794 |     355 |   8.6 |      32 |      17 |  34.7
       D:13 |    5786 |       0 |   0.0 |      33 |       0 |   0.0
       D:14 |    2866 |      64 |   2.2 |      14 |       6 |  30.0
       D:15 |    1765 |       0 |   0.0 |       2 |       0 |   0.0
     Lair:1 |    5493 |     988 |  15.2 |      26 |       6 |  18.8
     Lair:2 |     137 |     658 |  82.8 |       1 |       1 |  50.0
    Ossuary |       0 |     229 | 100.0 |       0 |      30 | 100.0
    Volcano |       0 |    1157 | 100.0 |       0 |       7 | 100.0
            +---------+---------+-------+---------+---------+-------
